 Dungeon Crawl Stone Soup version 0.24-b1 (webtiles) character file.

Game seed: 5331504961827442879, levelgen mode: deterministic

14072 Amen the Thaumaturge (level 12, -2/89 HPs)
             Began as a Gnoll Wizard on Oct 12, 2019.
             Was a Priest of Ashenzari.
             Slain by a vampire mosquito (4 damage)
             ... on level 12 of the Dungeon.
             The game lasted 02:14:40 (17528 turns).

Amen the Thaumaturge (Gnoll Wizard)                Turns: 17528, Time: 02:14:41

Health: -2/89      AC:  9    Str: 11    XL:     12   Next: 12%
Magic:  13/25      EV: 17    Int: 25    God:    Ashenzari [***...]
Gold:   669        SH:  0    Dex: 13    Spells: 19/30 levels left

rFire    . . .     SeeInvis +   b - +3 flail (protect)
rCold    . . .     Gourm    .   (no shield)
rNeg     . . .     Faith    .   E - +1 robe {MR+}
rPois    .         Spirit   .   B - +0 hat
rElec    .         Reflect  .   f - +0 cloak
rCorr    .         Harm     .   y - +2 pair of gloves (curse)
MR       +....                  t - +0 pair of boots
Stlth    ++++......             (no amulet)
HPRegen  0.24/turn              n - ring of flight
MPRegen  0.19/turn              (no ring)

@: no status effects
A: distributed training, fangs 1, strong nose
a: Curse Item, Scrying, Renounce Religion, Evoke Flight


You were on level 12 of the Dungeon.
You worshipped Ashenzari.
Ashenzari was most pleased with you.
You were not hungry.

You visited 3 branches of the dungeon, and saw 14 of its levels.
You also visited: Sewer.

You collected 669 gold pieces.

Inventory:

Hand Weapons
 a - a +0 hand axe of venom
 b - a +3 flail of protection (weapon)
 g - a +0 glaive
 H - a +3 flail of freezing
 R - a +2 scimitar of flaming
Missiles
 k - 17 poisoned darts (quivered)
Armour
 f - a +0 cloak (worn)
 t - a +0 pair of boots (worn)
 y - a cursed +2 pair of gloves (worn)
 B - a +0 hat (worn)
 E - a +1 robe of magic resistance (worn)
 I - a +0 troll leather armour
 S - a +2 robe of cold resistance
Magical Staves
 s - an uncursed staff of conjuration
Jewellery
 n - a ring of flight (left hand)
Wands
 z - a wand of iceblast (25)
 C - a wand of clouds (4)
 M - a wand of digging (8)
 Q - a wand of enslavement (7)
Scrolls
 c - 2 scrolls of identify
 i - 2 scrolls of remove curse
 j - 7 scrolls of teleportation
 l - 2 scrolls of blinking
 o - 5 scrolls of immolation
 p - 4 scrolls of enchant weapon {unknown}
 u - 3 scrolls of magic mapping
 v - a scroll of fog
 D - 2 scrolls of enchant armour
 F - 2 scrolls of amnesia
 O - a scroll of silence
Potions
 e - 8 potions of curing
 h - 4 potions of resistance {unknown}
 m - 3 potions of heal wounds
 q - 4 potions of brilliance {unknown}
 r - 3 potions of ambrosia
 w - a potion of haste
 A - 5 potions of flight {unknown}
 G - 5 potions of might {unknown}
 J - a potion of berserk rage {unknown}
 P - 3 potions of lignification {unknown}
Miscellaneous
 L - a phantom mirror
Comestibles
 d - 17 rations
 K - 13 chunks of flesh


   Skills:
 + Level 6.8 Fighting
 + Level 6.8 Short Blades
 + Level 6.8 Long Blades
 + Level 6.8 Axes
 + Level 6.8 Maces & Flails
 + Level 6.8 Polearms
 + Level 6.8 Staves
 + Level 6.8 Slings
 + Level 6.8 Bows
 + Level 6.8 Crossbows
 + Level 6.8 Throwing
 + Level 6.8 Armour
 + Level 8.3 Dodging
 + Level 8.1 Stealth
 + Level 6.8 Shields
 + Level 6.8 Unarmed Combat
 + Level 9.9 Spellcasting
 + Level 6.1 Conjurations
 + Level 5.7 Hexes
 + Level 5.7 Charms
 + Level 6.1 Summonings
 + Level 5.7 Necromancy
 + Level 6.1 Translocations
 + Level 5.7 Transmutations
 + Level 5.7 Fire Magic
 + Level 5.7 Ice Magic
 + Level 5.7 Air Magic
 + Level 5.7 Earth Magic
 + Level 5.7 Poison Magic
 + Level 7.5 Invocations
 + Level 6.8 Evocations


You had 19 spell levels left.
You knew the following spells:

 Your Spells              Type           Power        Failure   Level  Hunger
a - Magic Dart            Conj           ####         1%          1    None
b - Blink                 Tloc           N/A          1%          2    None
c - Call Imp              Summ           #####...     1%          2    None
d - Conjure Flame         Conj/Fire      #####...     1%          3    None
e - Mephitic Cloud        Conj/Pois/Air  #####...     1%          3    None

Your spell library contained the following spells:

 Spells                   Type           Power        Failure   Level  Hunger
 Slow                     Hex            #####...     1%          2    None


Dungeon Overview and Level Annotations

Branches:
Dungeon (12/15)            Temple (1/1) D:7            Lair (1/6) D:11
    Orc (0/2) D:12          Sewer (visited)

Altars:
Ashenzari
Cheibriados
Dithmenos
Elyvilon
Fedhas
Gozag
Hepliaklqana
Kikubaaqudgha
Makhleb
Nemelex Xobeh
Okawaru
Qazlal
Ru
Sif Muna
Trog
Uskayaw
Vehumet
Wu Jian
Xom
Yredelemnul
Zin
The Shining One

Shops:
D:5 }

Annotations:
D:1 loot
D:5 3 runed translucent doors, Arixos's ghost, novice VSSk
D:11 Josephine


Innate Abilities, Weirdness & Mutations

Your experience applies equally to all skills.
You have very sharp teeth.
Your uncanny sense of smell can sniff out nearby items.


Message History

The vampire mosquito closely misses you.
The vampire mosquito bites you but does no damage.
Your white imp hits the vampire mosquito.
Your white imp freezes the vampire mosquito.
The centaur warrior zombie barely misses you.
The vampire mosquito bites you!
* * * LOW HITPOINT WARNING * * *
The vampire mosquito draws strength from your injuries!
The vampire mosquito bites you but does no damage.
Your shadow imp misses the vampire mosquito.
Your shadow imp closely misses the orc wizard.
Your white imp hits the vampire mosquito.
Your white imp freezes the vampire mosquito.
You barely miss the vampire mosquito.
The vampire mosquito is severely damaged.
The vampire mosquito bites you.
* * * LOW HITPOINT WARNING * * *
The vampire mosquito draws strength from your injuries!
The vampire mosquito bites you.
You die...

,, * * * * ∆ *
## *,.#
######'##
#....o5.#
#.......# * *
#.@5....# , * *
> #Zyy....#### ,
, #5......'..# ,
*####.o.....##.#
, ,*#..'.§.....#
, , ∆
+..##.(.....#* *
, *,###
#.......# *## '
, ,* ##'######
..,, , #....##
#.#**


You could see 2 vampire mosquitoes, an orc priest (confused), an orc wizard
(invisible), a centaur warrior zombie, a friendly white imp and 2 friendly
shadow imps.

Vanquished Creatures
  Erica (D:11)
  2 two-headed ogres
  Urug (D:11)
  A cyclops (D:12)
  2 ice devils (D:11)
  2 trolls
  A polar bear (D:11)
  3 hippogriffs
  4 wraiths (D:11)
  7 yaks
  3 hogs (D:8)
  A human (D:8)
  2 basilisks (D:11)
  3 wargs (D:12)
  A water moccasin (D:10)
  2 porcupines (D:11)
  A black bear (D:6)
  A hornet zombie (D:11)
  9 orc warriors
  A sky beast (D:7)
  2 phantoms
  2 necrophages
  3 ice beasts
  4 ogres
  5 centaurs
  3 crocodiles
  2 big kobolds (Sewer)
  7 bullfrogs
  A wyvern skeleton (D:7)
  4 scorpions
  10 killer bees
  4 wights
  2 electric eels (D:11)
  8 howler monkeys
  3 crimson imps
  3 bullfrog zombies
  A centaur zombie (D:6)
  6 hounds
  8 orc priests
  2 centaur skeletons
  9 orc wizards
  2 quasits
  3 jellies
  A bullfrog skeleton (D:5)
  3 iguanas
  7 worker ants
  A hound skeleton (D:11)
  A howler monkey zombie (D:10)
  18 adders
  A river rat (Sewer)
  A shadow imp (D:9)
  2 white imps (D:11)
  4 oozes
  2 adder zombies
  An adder skeleton (D:5)
  4 worms
  A dart slug (D:1)
  6 leopard geckos
  54 orcs
  4 giant cockroaches
  2 goblins
  7 hobgoblins
  12 jackals
  20 kobolds
  5 quokkas
  9 ball pythons
  2 bats
  9 frilled lizards
  A leopard gecko skeleton (D:7)
  A quokka skeleton (D:9)
  6 rats
327 creatures vanquished.

Vanquished Creatures (collateral kills)
  Joseph (D:7)
  Menkaure (D:7)
  An ogre (D:11)
  A necrophage (D:7)
  A centaur (D:7)
  A killer bee (D:11)
6 creatures vanquished.

Vanquished Creatures (others)
  An orc (D:9)
  A bush (D:11)
  4 fungi (D:11)
  12 plants (D:11)
18 creatures vanquished.

Grand Total: 351 creatures vanquished

Notes
Turn   | Place    | Note
-------+----------+-------------------------------------------
     0 | D:1      | Amen the Gnoll Wizard began the quest for the Orb.
     0 | D:1      | Reached XP level 1. HP: 13/13 MP: 8/8
   512 | D:1      | Reached XP level 2. HP: 19/19 MP: 8/10
   766 | D:1      | Found a shattered altar of Ashenzari.
   940 | D:1      | Became a worshipper of Ashenzari the Shackled
  1274 | D:2      | Reached XP level 3. HP: 25/25 MP: 9/11
  1279 | D:2      | Learned a level 2 spell: Blink
  1282 | D:2      | Learned a level 2 spell: Call Imp
  1286 | D:2      | Learned a level 3 spell: Conjure Flame
  1290 | D:2      | Learned a level 3 spell: Mephitic Cloud
  1312 | D:2      | Found a glowing golden altar of the Shining One.
  1524 | D:2      | Reached skill level 1 in Invocations
  2129 | D:3      | Reached skill level 1 in Fighting
  2129 | D:3      | Reached skill level 1 in Short Blades
  2129 | D:3      | Reached skill level 1 in Long Blades
  2129 | D:3      | Reached skill level 1 in Axes
  2129 | D:3      | Reached skill level 1 in Maces & Flails
  2129 | D:3      | Reached skill level 1 in Polearms
  2129 | D:3      | Reached skill level 1 in Staves
  2129 | D:3      | Reached skill level 1 in Slings
  2129 | D:3      | Reached skill level 1 in Bows
  2129 | D:3      | Reached skill level 1 in Crossbows
  2129 | D:3      | Reached skill level 1 in Throwing
  2129 | D:3      | Reached skill level 1 in Armour
  2129 | D:3      | Reached skill level 1 in Shields
  2129 | D:3      | Reached skill level 1 in Unarmed Combat
  2129 | D:3      | Reached skill level 1 in Evocations
  2191 | D:3      | Reached XP level 4. HP: 32/32 MP: 4/13
  2297 | D:3      | Reached skill level 1 in Hexes
  2297 | D:3      | Reached skill level 1 in Charms
  2297 | D:3      | Reached skill level 1 in Necromancy
  2297 | D:3      | Reached skill level 1 in Transmutations
  2297 | D:3      | Reached skill level 1 in Fire Magic
  2297 | D:3      | Reached skill level 1 in Ice Magic
  2297 | D:3      | Reached skill level 1 in Air Magic
  2297 | D:3      | Reached skill level 1 in Earth Magic
  2297 | D:3      | Reached skill level 1 in Poison Magic
  2297 | D:3      | Reached XP level 5. HP: 20/37 MP: 11/14
  2546 | D:3      | Reached * piety under Ashenzari
  2915 | D:3      | Found a snail-covered altar of Cheibriados.
  3347 | D:4      | Found a glowing drain.
  3356 | Sewer    | Entered a sewer
  3478 | Sewer    | Noticed a big kobold
  3525 | Sewer    | Killed a big kobold
  3525 | Sewer    | Reached XP level 6. HP: 37/44 MP: 2/16
  3885 | Sewer    | Reached skill level 5 in Dodging
  4286 | D:4      | Found a shadowy altar of Dithmenos.
  4578 | D:4      | Reached XP level 7. HP: 50/50 MP: 13/18
  4972 | D:4      | Found a white marble altar of Elyvilon.
  5360 | D:5      | Entered Level 5 of the Dungeon
  5469 | D:5      | Reached skill level 5 in Stealth
  5739 | D:5      | Reached XP level 8. HP: 53/57 MP: 1/19
  5860 | D:5      | Found a shimmering altar of Xom.
  6299 | D:5      | Found Hajemot's Gadget Boutique.
  6393 | D:5      | Found a runed translucent gate.
  6393 | D:5      | Found a runed translucent gate.
  6395 | D:5      | Found a runed translucent gate.
  6397 | D:5      | Noticed Arixos's ghost (novice VSSk)
  6874 | D:6      | Found a sacrificial altar of Ru.
  6911 | D:6      | Found an iron altar of Okawaru.
  7240 | D:6      | Reached skill level 8 in Spellcasting
  7710 | D:7      | Noticed Joseph
  7923 | D:7      | Found a staircase to the Ecumenical Temple.
  7979 | D:7      | HP: 1/58 [Joseph/sling bullet (20)]
  7997 | D:7      | HP: 1/58 [Joseph/sling bullet (15)]
  8008 | D:7      | Killed Joseph
  8008 | D:7      | Reached XP level 9. HP: 49/65 MP: 3/21
  8179 | D:7      | Reached ** piety under Ashenzari
  8307 | D:7      | Found a hide-covered altar of Uskayaw.
  8516 | D:7      | Noticed Menkaure
  9061 | Temple   | Entered the Ecumenical Temple
  9170 | D:7      | Killed Menkaure
  9807 | D:8      | Found a hazy altar of Hepliaklqana.
  9941 | D:8      | Noticed a two-headed ogre
  9954 | D:8      | Killed a two-headed ogre
  9954 | D:8      | Reached skill level 5 in Invocations
  9954 | D:8      | Reached XP level 10. HP: 31/73 MP: 5/22
 10317 | D:8      | Found a shattered altar of Ashenzari.
 10472 | D:8      | Reached skill level 5 in Fighting
 10472 | D:8      | Reached skill level 5 in Short Blades
 10472 | D:8      | Reached skill level 5 in Long Blades
 10472 | D:8      | Reached skill level 5 in Axes
 10472 | D:8      | Reached skill level 5 in Maces & Flails
 10472 | D:8      | Reached skill level 5 in Polearms
 10472 | D:8      | Reached skill level 5 in Staves
 10472 | D:8      | Reached skill level 5 in Slings
 10472 | D:8      | Reached skill level 5 in Bows
 10472 | D:8      | Reached skill level 5 in Crossbows
 10472 | D:8      | Reached skill level 5 in Throwing
 10472 | D:8      | Reached skill level 5 in Armour
 10472 | D:8      | Reached skill level 5 in Shields
 10472 | D:8      | Reached skill level 5 in Unarmed Combat
 10472 | D:8      | Reached skill level 5 in Evocations
 10902 | D:9      | Reached skill level 9 in Spellcasting
 11883 | D:9      | Found a sparkling altar of Nemelex Xobeh.
 12282 | D:9      | Reached skill level 5 in Conjurations
 12282 | D:9      | Reached skill level 5 in Summonings
 12282 | D:9      | Reached skill level 5 in Translocations
 12461 | D:10     | Entered Level 10 of the Dungeon
 12512 | D:10     | Noticed a two-headed ogre
 12879 | D:9      | Found a burning altar of Makhleb.
 13427 | D:10     | Killed a two-headed ogre
 13427 | D:10     | Reached XP level 11. HP: 58/81 MP: 11/24
 14233 | D:11     | Found a frozen archway.
 14485 | D:11     | Reached skill level 5 in Hexes
 14485 | D:11     | Reached skill level 5 in Charms
 14485 | D:11     | Reached skill level 5 in Necromancy
 14485 | D:11     | Reached skill level 5 in Transmutations
 14485 | D:11     | Reached skill level 5 in Fire Magic
 14485 | D:11     | Reached skill level 5 in Ice Magic
 14485 | D:11     | Reached skill level 5 in Air Magic
 14485 | D:11     | Reached skill level 5 in Earth Magic
 14485 | D:11     | Reached skill level 5 in Poison Magic
 14748 | D:11     | Found a staircase to the Lair.
 14989 | D:11     | Noticed Urug
 14994 | D:11     | Noticed Erica
 15130 | Lair:1   | Entered Level 1 of the Lair of Beasts
 15159 | Lair:1   | Noticed a six-headed hydra
 15346 | D:11     | Killed Erica
 15368 | D:11     | Killed Urug
 15656 | D:11     | Reached *** piety under Ashenzari
 15884 | D:11     | Noticed Josephine
 16799 | D:11     | Reached XP level 12. HP: 89/89 MP: 22/25
 17362 | D:12     | Found a staircase to the Orcish Mines.
 17528 | D:12     | HP: 2/89 [vampire mosquito (4)]
 17528 | D:12     | Slain by a vampire mosquito

Skill      XL: |  1  2  3  4  5  6  7  8  9 10 11 |
---------------+----------------------------------+-----
Conjurations   | 2 3 4 5 6 |  6.1
Summonings     | 2 3 4 5 6 |  6.1
Translocations | 2 3 4 5 6 |  6.1
Invocations    | 1 2 3 4 5 6 7 |  7.5
Fighting       | 1 2 3 4 5 6 |  6.8
Short Blades   | 1 2 3 4 5 6 |  6.8
Long Blades    | 1 2 3 4 5 6 |  6.8
Axes           | 1 2 3 4 5 6 |  6.8
Maces & Flails | 1 2 3 4 5 6 |  6.8
Polearms       | 1 2 3 4 5 6 |  6.8
Staves         | 1 2 3 4 5 6 |  6.8
Slings         | 1 2 3 4 5 6 |  6.8
Bows           | 1 2 3 4 5 6 |  6.8
Crossbows      | 1 2 3 4 5 6 |  6.8
Throwing       | 1 2 3 4 5 6 |  6.8
Armour         | 1 2 3 4 5 6 |  6.8
Shields        | 1 2 3 4 5 6 |  6.8
Unarmed Combat | 1 2 3 4 5 6 |  6.8
Evocations     | 1 2 3 4 5 6 |  6.8
Hexes          | 1 2 3 4 5 |  5.7
Charms         | 1 2 3 4 5 |  5.7
Necromancy     | 1 2 3 4 5 |  5.7
Transmutations | 1 2 3 4 5 |  5.7
Fire Magic     | 1 2 3 4 5 |  5.7
Ice Magic      | 1 2 3 4 5 |  5.7
Air Magic      | 1 2 3 4 5 |  5.7
Earth Magic    | 1 2 3 4 5 |  5.7
Poison Magic   | 1 2 3 4 5 |  5.7
Dodging        | 5 6 7 8 |  8.3
Stealth        | 5 6 7 8 |  8.1
Spellcasting   | 8 9 |  9.9

Action                   |  1- 3 |  4- 6 |  7- 9 | 10-12 || total
-------------------------+-------+-------+-------+-------++-------
Melee: Unarmed           |     8 |       |       |       ||     8
       Dagger            |     3 |       |       |       ||     3
       Bite              |     1 |     4 |     8 |    35 ||    48
       Staff             |     5 |    10 |    35 |    67 ||   117
       Hand axe          |       |    21 |    59 |   108 ||   188
       Punch             |       |       |     1 |     5 ||     6
       Glaive            |       |       |       |   335 ||   335
       Flail             |       |       |       |    35 ||    35
       Spear             |       |       |       |    28 ||    28
 Cast: Magic Dart        |    83 |   123 |   306 |   389 ||   901
       Conjure Flame     |       |     4 |    14 |    62 ||    80
       Mephitic Cloud    |       |     2 |    17 |    39 ||    58
       Blink             |       |     1 |     4 |    19 ||    24
       Call Imp          |       |       |    16 |    17 ||    33
Invok: Curse Item        |       |       |     1 |       ||     1
 Abil: Stop Flying       |       |     2 |       |       ||     2
       Evoke Flight      |       |     2 |       |       ||     2
Evoke: Wand              |       |       |       |     2 ||     2
  Use: Scroll            |       |       |    15 |     9 ||    24
       Potion            |       |       |     4 |     2 ||     6
 Stab: Confused          |       |       |     5 |    18 ||    23
       Sleeping          |       |       |     1 |     2 ||     3
       Distracted        |       |       |       |     1 ||     1
  Eat: Chunk             |     4 |     8 |    10 |    17 ||    39
       Ration            |       |       |     2 |     2 ||     4
Armor: Robe              |       |     7 |    25 |    53 ||    85
       Troll leather arm |       |       |       |    54 ||    54
Dodge: Dodged            |    15 |    30 |   146 |   381 ||   572
